 Dungeon Crawl Stone Soup version 0.22-a0-433-gd2a9cce (webtiles) character file.

372 Supreme the Grave Robber (level 6, 0/49 HPs)
             Began as a Deep Dwarf Necromancer on May 28, 2018.
             Slain by a bullfrog skeleton (6 damage)
             ... on level 4 of the Dungeon.
             The game lasted 00:42:26 (3566 turns).

Supreme the Grave Robber (Deep Dwarf Necromancer)   Turns: 3566, Time: 00:42:27

Health: 0/49       AC:  3    Str: 12    XL:     6   Next: 43%
Magic:  12/12      EV: 13    Int: 17    God:
Gold:   266        SH:  0    Dex: 13    Spells: 8/13 levels left

rFire    . . .     SeeInvis .   f - +0 halberd
rCold    . . .     Gourm    .   (shield currently unavailable)
rNeg     . . .     Faith    .   a - +0 robe
rPois    .         Spirit   .   m - +0 helmet
rElec    .         Reflect  .   (no cloak)
rCorr    .         Harm     +   (no gloves)
MR       .....                  (no boots)
Stlth    ++........             r - amulet of harm
HPRegen  0.00/turn              (no ring)
MPRegen  0.13/turn              (no ring)

@: non-regenerating
A: damage resistance, heal wounds, sense surroundings 1, no regeneration
a: Heal Wounds


You were on level 4 of the Dungeon.
You were hungry.

You visited 1 branch of the dungeon, and saw 4 of its levels.

You collected 266 gold pieces.

Inventory:

Hand Weapons
 e - a +3 dagger
 f - a +0 halberd (weapon)
 o - a +0 war axe
Missiles
 j - 27 arrows
 k - 119 stones (quivered)
 s - 16 bolts
Armour
 a - a +0 robe (worn)
 m - a +0 helmet (worn)
Jewellery
 r - an amulet of harm (around neck)
 y - an uncursed ring of ice
Scrolls
 b - 3 scrolls of blinking {unknown}
 p - 3 scrolls of identify {unknown}
 q - 3 scrolls of teleportation {unknown}
 t - a scroll of fear {unknown}
 u - 2 scrolls of enchant weapon {unknown}
 v - 2 scrolls of amnesia {unknown}
Potions
 d - 2 potions of curing {unknown}
 g - a potion of brilliance {unknown}
 h - a potion of ambrosia {unknown}
 i - a potion of lignification {unknown}
 n - 2 potions of berserk rage {unknown}
 w - a potion of might {unknown}
 x - a potion of flight {unknown}
Comestibles
 c - 10 rations
 l - a chunk of flesh


   Skills:
 + Level 0.1 Fighting
 + Level 2.8 Dodging
 + Level 2.6 Stealth
 + Level 4.0 Spellcasting
 + Level 6.7 Necromancy


You had 8 spell levels left.
You knew the following spells:

 Your Spells              Type           Power        Failure   Level  Hunger
a - Pain                  Necr           ####         1%          1    None
b - Animate Skeleton      Necr           N/A          1%          1    None
c - Vampiric Draining     Necr           ####......   3%          3    ###....

Your spell library contained the following spells:

 Spells                   Type           Power        Failure   Level  Hunger
 Animate Dead             Necr           N/A          10%         4    ####...
 Regeneration             Chrm/Necr      ##........   12%         3    ###....


Dungeon Overview and Level Annotations

Branches:
Dungeon (4/15)
 Temple: D:4-7

Altars:
Cheibriados

Annotations:
D:4 Eustachio, Natasha


Innate Abilities, Weirdness & Mutations

You are resistant to damage.
You can heal yourself by infusing magical energy.
You passively map a small area around you.
You do not regenerate.


Message History

Okay, then.
Press: ? - help, v - describe, . - travel
Here: Eustachio, wielding a rapier and wearing a leather armour (hasn't noticed you)
The floor.
Unknown command.
The bullfrog skeleton misses you. The bullfrog skeleton hits you.
* * * LOW HITPOINT WARNING * * *
You are feeling hungry.
The bullfrog skeleton hits you but does no damage.
Casting: Vampiric Draining (safe; 3% risk of failure)
Confirm with . or Enter, or press ? or * to list all spells.
Okay, then.
Unknown command.
The bullfrog skeleton hits you.
* * * LOW HITPOINT WARNING * * *
Things that are here:
a war axe; a ring mail The bullfrog skeleton hits you!
You die...

#.. ***...# ..# ##..# #^# ,
.)..# * #.# ...# #.## *#..#
######### .* #..##.g#..#
#.>.....# . #..o...#..#
#.#####.# .* #)##
,##..######.#####.#
.####..####..l.Z@.......##.#
.............#######.##.##.#
.......##.#..# #.......#
..........##.# ####.####
.......#####.# #.......#
#......#####.# #.......#
###..#.......# #.##.#<.#
#.......######## #.##.#..#
##.#.###.##.....# #.##.#).#


You could see a frilled lizard and a bullfrog skeleton.

Vanquished Creatures
  A big kobold (D:3)
  A hound (D:4)
  An orc priest (D:3)
  An orc wizard (D:4)
  2 worker ants (D:4)
  8 gnolls
  A howler monkey skeleton (D:4)
  4 adders
  2 leopard geckos
  6 orcs
  7 bats
  2 giant cockroaches
  4 goblins
  14 hobgoblins
  3 quokkas
  5 frilled lizards
  6 kobolds
  8 rats
76 creatures vanquished.

Vanquished Creatures (collateral kills)
  A goblin (D:2)
  4 kobolds
  2 bats (D:3)
  A frilled lizard (D:3)
  A rat (D:3)
9 creatures vanquished.

Grand Total: 85 creatures vanquished

Notes
Turn   | Place    | Note
-------+----------+-------------------------------------------
     0 | D:1      | Supreme the Deep Dwarf Necromancer began the quest for the Orb.
     0 | D:1      | Reached XP level 1. HP: 15/15 MP: 3/3
   139 | D:1      | Reached XP level 2. HP: 17/22 MP: 0/4
   222 | D:1      | Learned a level 1 spell: Animate Skeleton
   507 | D:1      | Reached skill level 5 in Necromancy
  1045 | D:2      | Reached XP level 3. HP: 22/28 MP: 2/6
  1051 | D:2      | Learned a level 3 spell: Vampiric Draining
  1617 | D:2      | Reached XP level 4. HP: 17/36 MP: 4/8
  1732 | D:3      | Found a snail-covered altar of Cheibriados.
  1963 | D:3      | Noticed a big kobold
  1978 | D:3      | Killed a big kobold
  1978 | D:3      | Reached XP level 5. HP: 27/42 MP: 5/9
  2235 | D:3      | Reached skill level 6 in Necromancy
  3196 | D:4      | Reached XP level 6. HP: 43/49 MP: 6/11
  3539 | D:4      | Noticed Natasha
  3551 | D:4      | Noticed Eustachio
  3566 | D:4      | Slain by a bullfrog skeleton

Vault maps used:
D:1:      dpeg_arrival_court
D:2:      first_ration
D:3:      cheibrodos_thug_alley, cheibriados_altar_1
D:4:      xom_teletrap_fun, serial_shops, nicolae_shop_window_shopping,
          minivault_1, minmay_close_crescents, uniq_eustachio, uniq_natasha

Skill      XL: |  1  2  3  4  5  6 |
---------------+-------------------+-----
Spellcasting   | 2 3 4 |  4.0
Necromancy     | 5 6 |  6.7
Fighting       | |  0.1
Dodging        | |  2.8
Stealth        | |  2.6

Action                   |  1- 3 |  4- 6 || total
-------------------------+-------+-------++-------
Melee: Spear             |    27 |     3 ||    30
       Halberd           |       |    48 ||    48
 Cast: Pain              |    53 |    50 ||   103
       Animate Skeleton  |     8 |    23 ||    31
       Vampiric Draining |     1 |    21 ||    22
 Abil: Heal Wounds       |       |     1 ||     1
  Use: Scroll            |       |     2 ||     2
 Stab: Sleeping          |     2 |       ||     2
  Eat: Chunk             |     3 |     8 ||    11
Armor: Robe              |     8 |    16 ||    24
Dodge: Dodged            |    17 |    46 ||    63

Table legend:
 A = Spawn XP
 B = Non-spawn XP
 C = Spawn XP percentage of total XP
 D = Spawn monster count
 E = Non-spawn monster count
 F = Spawn count percentage of total count
 G = Total turns spent on level
                    A         B        C        D         E        F      G
               +---------+---------+-------+---------+---------+-------+---------
         Total |       0 |     532 |   0.0 |       0 |      85 |   0.0 |  3566
               +---------+---------+-------+---------+---------+-------+---------
           D:1 |       0 |      35 |   0.0 |       0 |      16 |   0.0 |  1022
           D:2 |       0 |      72 |   0.0 |       0 |      21 |   0.0 |   622
           D:3 |       0 |     224 |   0.0 |       0 |      35 |   0.0 |  1438
           D:4 |       0 |     201 |   0.0 |       0 |      13 |   0.0 |   484
               +---------+---------+-------+---------+---------+-------+---------
